Map: [ESL] Site Delta

Players

Spirit

  • Race: Terran Terran
  • Spawn Location: 11:00

ByuN - Winner!

  • Race: Terran Terran
  • Spawn Location: 5:00

Event: ESL SC2 Masters 2023 Winter (Finals)

VOD

Have the link to the VOD?

Description

Time

  • Played on: Dec. 15, 2023, 6:24 p.m.
  • Length: 4:42

All games in this series

Show
View Real Time Build Order
Export as new Build Order

Spirit Terran 

Build Orders:  

Get SALT Encoding   

  12  0:00  SCV  
  13  0:12  SCV  
  14  0:17  Supply Depot  
  14  0:24  SCV  
  15  0:39  Barracks, SCV  
  16  0:45  Refinery  
  16  0:51  SCV  
  16  0:52  Refinery  
  17  1:03  SCV  
  18  1:15  SCV  
  19  1:26  Reaper  
  19  1:27  Orbital Command  
  19  1:32  Supply Depot  
  20  1:44  Factory  
  20  1:53  SCV  
  21  1:58  Reaper  
  22  2:05  SCV  
  23  2:16  Command Center  
  23  2:20  SCV  
  24  2:27  Hellion  
  26  2:32  SCV  
  26  2:33  Reaper  
  24  2:44  SCV  
  24  2:56  SCV  
  24  2:58  Hellion  
  26  3:05  Reaper  
  24  3:08  SCV  
  21  3:21  SCV  
  19  3:30  Cyclone  
  19  3:33  SCV  
  21  3:45  SCV  
  20  3:57  SCV  
  22  4:04  Starport  
  22  4:09  SCV  
  23  4:11  Factory Reactor, Barracks Reactor  
  20  4:21  SCV  
  21  4:36  Refinery, Factory Tech Lab  
Show
View Real Time Build Order
Export as new Build Order

ByuN Terran - Winner!

Build Orders:  

Get SALT Encoding   

  12  0:00  SCV  
  13  0:12  SCV  
  14  0:17  Supply Depot  
  14  0:24  SCV  
  15  0:38  SCV  
  15  0:40  Barracks  
  16  0:45  Refinery  
  16  0:56  Barracks  
  16  1:00  SCV  
  17  1:10  Refinery  
  17  1:12  SCV  
  19  1:27  Reaper  
  19  1:29  Orbital Command  
  19  1:43  Reaper  
  19  1:44  Supply Depot  
  20  1:54  SCV  
  20  1:59  Reaper  
  22  2:06  SCV  
  23  2:10  Factory  
  23  2:17  Reaper  
  23  2:18  SCV  
  25  2:30  SCV  
  26  2:43  Reaper, SCV  
  28  2:57  Command Center  
  28  2:58  Reaper  
  29  3:01  Hellion  
  29  3:04  SCV  
  30  3:16  SCV  
  31  3:20  Starport  
  31  3:26  Reaper  
  31  3:30  Supply Depot  
  31  3:35  SCV  
  31  3:47  SCV  
  31  3:52  Hellion  
  32  3:57  Medivac  
  34  4:03  SCV  
  34  4:05  Barracks Reactor  
  34  4:08  Refinery  
  35  4:10  Orbital Command  
  35  4:15  SCV  
  38  4:27  SCV  
  37  4:32  Starport Tech Lab  
Tags
 
Add a new tag
Caveats
  • Supply blocks, unpowered buildings, or Contaminate may cause inaccurate times.
  • Supply counts are checked every 10 seconds.